 Dungeon Crawl Stone Soup version 0.31.0-11-ge490571c62 (webtiles) character file.

Game seed: 2877065530898149557

503579 RepHenryClay the Petrodigitator (level 24, -5/117 HPs)
             Began as a Deep Elf Earth Elementalist on Feb 2, 2024.
             Was the Champion of Vehumet.
             Slain by an azure jelly (13 damage)
             ... on level 5 of the Pits of Slime on Feb 3, 2024.
             The game lasted 02:50:21 (49407 turns).

RepHenryClay the Petrodigitator (DEEE)             Turns: 49407, Time: 02:50:22

Health: -5/117     AC:  9    Str:  8    XL:     24   Next: 9%
Magic:  24/50      EV: 30    Int: 29    God:    Vehumet [******]
Gold:   5557       SH:  0    Dex: 21    Spells: 21/66 levels left

rFire   + + +        a - staff of earth
rCold   + . .        z - orb "Eciqed" {*channel, ^Drain rF+++ Regen+ Earth}
rNeg    + . .        v - +1 robe "Kuaxe" {Fly rCorr Archmagi}
rPois   +            g - +0 helmet
rElec   +            h - +2 cloak {rC+}
rCorr   +            Y - +0 pair of gloves {Stlth+}
SInv    +            I - +0 pair of boots
Will    +++..        o - amulet of Vitality {RegenMP++ Regen++}
Stlth   ++++         R - ring of Ethics {rElec rPois Will+ SInv}
HPRegen 2.79/turn    H - ring of Niekhoin {rPois rN+ Str+3 Int+2}
MPRegen 1.12/turn

%: archmagi, channel magic (20%)
@: flying, constricted
A: frail 1, screaming 1, subdued magic 1
}: 2/15 runes: decaying, gossamer
a: Renounce Religion


You were on level 5 of the Pits of Slime.
You worshipped Vehumet.
Vehumet was exalted by your worship.
You visited 10 branches of the dungeon, and saw 47 of its levels.
You also visited: Ice Cave.

You collected 9090 gold pieces.
You spent 3533 gold pieces at shops.

Inventory:

Armour
 g - a +0 helmet (worn)
 h - a +2 cloak of cold resistance (worn)
 l - a +2 robe of resistance
 v - the +1 robe "Kuaxe" (worn) {Fly rCorr Archmagi}
   (You found it on level 1 of the Vaults)

   Fly:       It grants you flight.
   rCorr:     It protects you from acid and corrosion.
   Archmagi:  It increases the power of your magical spells.
 z - the orb "Eciqed" (worn) {*channel, ^Drain rF+++ Regen+ Earth}
   (You took it off Frederick on level 2 of the Vaults)

   rF+++:     It renders you almost immune to fire.
   Regen+:    It increases your rate of health regeneration.
   ^Drain:    It drains your maximum health when unequipped.
   Earth:     It increases the power of your Earth spells.
 I - a +0 pair of boots (worn)
 Y - a +0 pair of gloves of stealth (worn)
Magical Staves
 a - a staff of earth (weapon)
 e - a staff of fire
 M - a staff of conjuration
Jewellery
 i - the ring "Fetomue" {rF+ rC+ rN+ MP+9 Str-4}
   (You took it off a fire giant on level 2 of the Depths)

   [ring of protection from fire]

   Str-4:     It affects your strength (-4).
   rF+:       It protects you from fire.
   rC+:       It protects you from cold.
   rN+:       It protects you from negative energy.
   MP+9:      It affects your magic capacity (+9).
 o - the amulet of Vitality (around neck) {RegenMP++ Regen++}
   (You bought it in a shop on level 2 of the Dungeon)

   [amulet of magic regeneration]

   RegenMP:   It increases your rate of magic regeneration.
   Regen++:   It increases your rate of health regeneration.
 q - the ring "Ipawkoh" {Fly rF+ rN+ Dex+3}
   (You found it on level 2 of the Depths)

   [ring of flight]

   Dex+3:     It affects your dexterity (+3).
   rF+:       It protects you from fire.
   rN+:       It protects you from negative energy.
   Fly:       It grants you flight.
 H - the ring of Niekhoin (right hand) {rPois rN+ Str+3 Int+2}
   (You bought it in a shop on level 2 of the Dungeon)

   [ring of positive energy]

   Str+3:     It affects your strength (+3).
   Int+2:     It affects your intelligence (+2).
   rPois:     It protects you from poison rN+: It protects you from negative
   energy.
 K - a +5 ring of evasion
 Q - the ring of Jorch {rF+ rN+ Int+6}
   (You took it off a deep elf demonologist on level 3 of the Elven Halls)

   [ring of intelligence]

   Int+6:     It affects your intelligence (+6).
   rF+:       It protects you from fire.
   rN+:       It protects you from negative energy.
 R - the ring of Ethics (left hand) {rElec rPois Will+ SInv}
   (You took it off a deep elf annihilator on level 3 of the Elven Halls)

   [ring of see invisible]

   rElec:     It insulates you from electricity.
   rPois:     It protects you from poison Will+: It increases your willpower.
   SInv:      It lets you see invisible.
 S - the ring of Incredulity {Ice Str-2 Int+7 Dex-3}
   (You found it in an ice cave)

   [ring of ice]

   Ice:       It enhances your ice magic.
   Str-2:     It affects your strength (-2).
   Int+7:     It affects your intelligence (+7).
   Dex-3:     It affects your dexterity (-3).
   rF-:       It makes you vulnerable to fire.
   rC+:       It protects you from cold.
 V - the ring of Ellakuck {rPois Str+6 Stlth+}
   (You found it on level 4 of the Lair of Beasts)

   [ring of strength]

   Str+6:     It affects your strength (+6).
   rPois:     It protects you from poison Stlth+: It makes you more stealthy.
Wands
 s - a wand of mindburst (25)
 w - a wand of iceblast (39)
 y - a wand of digging (15)
 A - a wand of quicksilver (50)
 J - a wand of charming (24)
Scrolls
 f - 7 scrolls of enchant weapon
 n - 5 scrolls of revelation
 p - 6 scrolls of immolation
 r - 7 scrolls of poison
 t - 10 scrolls of teleportation
 x - 4 scrolls of torment
 D - 3 scrolls of brand weapon
 E - 5 scrolls of enchant armour
 F - 9 scrolls of blinking
 L - 3 scrolls of fear
 N - a scroll of amnesia
 O - 3 scrolls of summoning
 P - 8 scrolls of fog
 Z - 18 scrolls of identify {@r1}
Potions
 b - 2 potions of magic
 c - 9 potions of might
 d - 4 potions of brilliance
 j - 12 potions of heal wounds
 k - 23 potions of curing
 m - 12 potions of haste
 u - 4 potions of mutation
 B - 4 potions of cancellation
 C - 5 potions of invisibility
 G - 2 potions of attraction
 T - 7 potions of enlightenment
 W - 5 potions of resistance
 X - 6 potions of ambrosia
Miscellaneous
 U - a lightning rod (4/4)


   Skills:
 - Level 7.0 Fighting
 + Level 1.7 Staves
 - Level 26.9 Dodging
 - Level 5.0 Stealth
 - Level 5.0 Shields
 - Level 21.9 Spellcasting
 - Level 22.0 Conjurations
 - Level 5.0 Translocations
 - Level 5.0 Fire Magic
 O Level 27 Earth Magic
 + Level 1.9 Evocations


You had 21 spell levels left.
You knew the following spells:

 Your Spells              Type           Power      Damage    Failure   Level
a - Stone Arrow           Conj/Erth      100%       3d13      1%          3
b - Bombard               Conj/Erth      83%        9d13      1%          6
c - Lee's Rapid Deconstr  Erth           85%        3d38*     1%          5
d - Fireball              Conj/Fire      45%        3d18      1%          5
e - Shatter               Erth           85%        3d62*     1%          9
f - Orb of Destruction    Conj           55%        9d14      1%          7
g - Lehudib's Crystal Sp  Conj/Erth      83%        10d18     1%          8
Q - Blink                 Tloc           100%       N/A       1%          2

Your spell library contained the following spells:

 Spells                   Type           Power      Damage    Failure   Level
 Chain Lightning          Conj/Air       42%        3d56      97%         9
 Apportation              Tloc           100%       N/A       1%          1
 Foxfire                  Conj/Fire      100%       2x1d9     1%          1
 Kiss of Death            Conj/Necr      100%       2d13      1%          1
 Magic Dart               Conj           100%       1d8       1%          1
 Sandblast                Erth           100%       2d20      1%          1
 Shock                    Conj/Air       100%       1d9       1%          1
 Sting                    Conj/Alch      100%       1d9       1%          1
 Lesser Beckoning         Tloc           100%       N/A       1%          2
 Mercury Vapours          Alch/Air       72%        N/A       1%          2
 Momentum Strike          Conj/Tloc      100%       3d10      1%          2
 Searing Ray              Conj           100%       2d8       1%          2
 Dazzling Flash           Conj/Hex       100%       N/A       1%          3
 Hailstorm                Conj/Ice       84%        3d14      1%          3
 Inner Flame              Hex/Fire       52%        N/A       1%          3
 Mephitic Cloud           Conj/Alch/Air  72%        N/A       1%          3
 Passwall                 Erth           100%       N/A       1%          3
 Volatile Blastmotes      Fire/Tloc      100%       2d18      1%          3
 Animate Armour           Summ/Erth      100%       N/A       1%          4
 Brom's Barrelling Bould  Conj/Erth      100%       2d11      1%          4
 Fulminant Prism          Conj/Alch      42%        3d19      1%          4
 Leda's Liquefaction      Alch/Erth      68%        N/A       1%          4
 Petrify                  Alch/Erth      100%       N/A       1%          4
 Arcjolt                  Conj/Air       42%        1d52      1%          5
 Borgnjor's Vile Clutch   Necr/Erth      68%        N/A       1%          5
 Freezing Cloud           Conj/Ice/Air   36%        6-21      1%          5
 Irradiate                Conj/Alch      42%        3d25      1%          5
 Starburst                Conj/Fire      45%        6d13      1%          6
 Frozen Ramparts          Ice            72%        1d11      2%          3
 Gell's Gravitas          Tloc           63%        N/A       2%          3
 Teleport Other           Tloc           63%        N/A       2%          3
 Ignite Poison            Fire/Alch      52%        N/A       3%          4
 Sticky Flame             Fire/Alch      52%        2d9       3%          4
 Necrotise                Necr           100%       1d9       4%          1
 Summon Small Mammal      Summ           100%       N/A       4%          1
 Manifold Assault         Tloc           63%        N/A       4%          4
 Call Imp                 Summ           72%        N/A       5%          2
 Cigotuvi's Dreadful Rot  Necr/Alch/Air  72%        N/A       5%          2
 Ensorcelled Hibernation  Hex/Ice        72%        N/A       5%          2
 Jinxbite                 Hex            72%        N/A       5%          2
 Sublimation of Blood     Necr           36%        N/A       5%          2
 Airstrike                Air            18%        2d(3-19)  6%          4
 Confusing Touch          Hex            36%        N/A       9%          3
 Fugue of the Fallen      Necr           36%        N/A       9%          3
 Ozocubu's Armour         Ice            36%        N/A       9%          3
 Summon Ice Beast         Ice/Summ       36%        N/A       9%          3
 Swiftness                Air            36%        N/A       9%          3
 Vampiric Draining        Necr           36%        2d8       9%          3
 Vhi's Electric Charge    Tloc/Air       100%       N/A       11%         4
 Yara's Violent Unravell  Hex/Alch       18%        3d9       14%         5
 Dispel Undead            Necr           36%        3d15      22%         4
 Martyr's Knell           Necr/Summ      36%        N/A       22%         4
 Summon Lightning Spire   Summ/Air       36%        N/A       22%         4
 Summon Forest            Summ/Tloc      26%        N/A       22%         5
 Plasma Beam              Fire/Air       26%        2x1d38    24%         6
 Dispersal                Tloc           31%        N/A       38%         6
 Alistair's Intoxication  Alch           24%        N/A       47%         5
 Curse of Agony           Necr           36%        N/A       47%         5
 Metabolic Englaciation   Hex/Ice        18%        N/A       47%         5
 Summon Mana Viper        Hex/Summ       36%        N/A       47%         5
 Eringya's Noxious Bog    Alch           18%        4d6       50%         6
 Fire Storm               Conj/Fire      45%        8d12      80%         9
 Death Channel            Necr           18%        N/A       94%         6
 Sculpt Simulacrum        Ice/Alch       18%        N/A       94%         6
 Summon Cactus Giant      Summ           18%        N/A       94%         6
 Ozocubu's Refrigeration  Ice            18%        4d11      95%         7
 Ignition                 Fire           31%        3d10      95%         8
 Malign Gateway           Summ/Tloc      26%        N/A       99%         7
 Enfeeble                 Hex            18%        N/A       100%        7
 Summon Hydra             Summ           18%        N/A       100%        7
 Maxwell's Capacitive Co  Air            18%        ∞         100%        8
 Polar Vortex             Ice            18%        12d2*     100%        9


Dungeon Overview and Level Annotations

Branches:
Dungeon (15/15)            Temple (1/1) D:5            Lair (5/5) D:10
  Swamp (4/4) Lair:3       Spider (4/4) Lair:2        Slime (5/5) Lair:5
    Orc (2/2) D:9             Elf (3/3) Orc:2        Vaults (4/5) D:14
  Crypt (0/3) Vaults:2     Depths (4/4) D:15            Zot (0/5) Depths:4
  IceCv (visited)

Altars:
Ashenzari
Cheibriados
Dithmenos
Elyvilon
Fedhas
Gozag
Hepliaklqana
Kikubaaqudgha
Makhleb
Nemelex Xobeh
Okawaru
Qazlal
Ru
Sif Muna
Trog
Uskayaw
Vehumet
Wu Jian
Xom
Yredelemnul
Zin
The Shining One
Lugonu

Shops:
D:1 (   D:2 =[?*=   D:10 :   Orc:2 :*[?   Elf:1 !(!?(?[   Elf:2 (   Elf:3 :
Vaults:4 *   Depths:2 (

Portals:
Hell: Depths:1 Depths:2 Depths:3 Depths:4
Abyss: Lair:5 Depths:3 Depths:4
Pandemonium: Orc:2 Depths:2 Depths:3
Ziggurat: Depths:3

Annotations:
Temple 2 transporters
Swamp:3 3 runed translucent doors
Elf:2 3 runed translucent doors
Depths:1 2 runed translucent doors, Xoedokom's ghost, adept TrMo


Innate Abilities, Weirdness & Mutations

You are frail. (-10% HP)
You occasionally shout uncontrollably at your foes.
Your spells are a little easier to cast, but a little less powerful.


Message History

An acid blob comes into view.
The quicksilver ooze closely misses you.
The quicksilver ooze hits you.
* * * LOW HITPOINT WARNING * * *
You feel your power leaking away.
The acid blob quivers.
Huge Dmg: -55%(-64hp) hp: 28%(32hp) Welcome back, RepHenryClay the Deep Elf Earth Elementalist.
Vehumet says: Let it end in hellfire!
Press ? for a list of commands and other information.
Cast which spell? (? or * to list)
You feel a huge surge of power!
The dungeon rumbles!
The formless jellyfish is moderately wounded.
The slime creature is almost dead.
You kill the quicksilver ooze!
Vehumet accepts your kill.
You feel your power returning.
The quicksilver ooze is almost dead.
The slime creature is moderately wounded.
The azure jelly is severely wounded.
The slime creature is almost dead.
You kill the slime creature!
Vehumet accepts your kill.
You feel your power returning.
The slime creature is almost dead.
The slime creature is heavily wounded.
The acid blob is moderately wounded.
Ka-crash!
The quicksilver ooze hits you.
The quicksilver ooze completely misses you.
The slime creature completely misses you.
The formless jellyfish stings you!!
* * * LOW HITPOINT WARNING * * *
The formless jellyfish constricts you.
The slime creature completely misses you.
The azure jelly misses you. The azure jelly hits you.
* * * LOW HITPOINT WARNING * * *
The azure jelly freezes you! You resist.
You die...

.....#.........
...............
...............
#..............
. .............
#..#...........
...............
......J@J......
......JJJ......
.......J.G.....
...............
.......J.......
..........J....
...............
.........J.....


You could see a formless jellyfish, an acid blob, an azure jelly, a great orb of
eyes, 5 slime creatures and a quicksilver ooze.

Vanquished Creatures
  Dissolution (Slime:2)
  Frederick (Vaults:2)
  A juggernaut (Depths:2)
  Sojobo (Depths:3)
  Boris (twice) (Depths:3 Depths:4)
  Josephina (Depths:3)
  Bai Suzhen (Depths:1)
  4 caustic shrikes
  Nikola (Swamp:4)
  5 golden dragons
  Norris (Vaults:2)
  Jorgrun (D:13)
  4 liches
  2 tentacled monstrosities (Swamp:3)
  2 deep elf blademasters (Elf:3)
  Asterion (Vaults:2)
  2 quicksilver dragons
  9 acid blobs
  3 deep elf master archers
  5 sphinxes
  A titan (Depths:2)
  4 thorn hunters
  The ghost of Agye the Tortoise, an adept MiBe of Trog (Swamp:3)
  Agnes (D:14)
  7 azure jellies
  3 shadow dragons (Depths:2)
  5 tengu reavers (Depths:3)
  Donald (Elf:2)
  2 draconian knights (Depths:4)
  4 frost giants
  5 fire giants
  2 deep elf sorcerers
  6 rockslimes
  6 emperor scorpions (Spider:4)
  13 vault wardens
  2 iron dragons (Depths:4)
  Louise (Spider:2)
  An orc warlord (Vaults:3)
  4 deep elf elementalists (Elf:3)
  4 ghost moths
  13 ironbound preservers
  2 broodmothers
  A draconian annihilator (Depths:4)
  11 very ugly things
  A spriggan defender (Depths:4)
  14 quicksilver oozes
  The ghost of poulshu the Phalangite, a journeyman MiBe of Trog (D:13)
  5 formless jellyfish
  10 stone giants
  8 deep elf demonologists
  A caustic shrike skeleton (Depths:4)
  3 eleionomae
  4 ironbound thunderhulks
  Nessos (D:14)
  4 vampire knights
  7 deep elf death magi
  2 bunyips
  12 deep elf annihilators
  15 dire elephants
  4 spark wasps
  A war gargoyle (Vaults:1)
  The ghost of drcatpants2 the Grappler, a journeyman DrSh of Gozag (D:13)
  An eidolon (Vaults:2)
  A green death (Depths:2)
  6 statues (Depths:3)
  9 ettins (Depths:2)
  A crystal guardian (Vaults:3)
  8 fire dragons
  7 shambling mangroves
  A deep elf high priest (Elf:3)
  A merfolk impaler (Depths:1)
  6 entropy weavers
  A jiangshi (Depths:4)
  5 yaktaur captains
  9 great orbs of eyes
  3 vault guards
  A hell beast (Depths:3)
  5 rakshasas
  23 hydras
  8 ice dragons
  6 jorogumos
  4 salamander tyrants (Depths:3)
  3 demonspawn (Orc:2)
  2 juggernaut simulacra
  7 spriggan air magi
  10 alligators
  3 ghost crabs
  A peacekeeper (Vaults:3)
  19 centaur warriors
  15 ironbound frosthearts
  4 radroaches
  2 catoblepae
  17 dancing weapons
  14 boulder beetles
  10 deep troll shamans
  6 demonic crawlers
  4 two-headed ogres
  A death knight (D:13)
  4 death yaks (Lair:5)
  8 deep troll earth magi
  3 hell knights (Depths:4)
  7 orc high priests (Orc:2)
  9 occultists
  2 spriggan berserkers
  4 vampire magi
  5 tengu warriors
  A titan zombie (Depths:1)
  Urug (Lair:3)
  3 thrashing horrors (Lair:5)
  16 deep elf knights
  A soul eater (Orc:2)
  A salamander mystic (Depths:2)
  Lodul (D:14)
  6 skysharks
  12 iron trolls
  2 death drakes (Depths:2)
  3 mana vipers (shapeshifter) (Depths:4)
  A skeletal warrior (D:13)
  48 deep trolls
  5 pharaoh ants
  4 spriggan druids
  6 goliath frogs
  3 flayed ghosts (Depths:4)
  5 arcanists
  8 glowing orange brains
  9 bog bodies
  7 orb spiders
  An orb spider (shapeshifter) (Depths:4)
  A shadow demon (Depths:2)
  3 orange crystal statues
  19 swamp dragons
  A harpy (shapeshifter) (Lair:5)
  15 lindwurms
  Pikel (D:4)
  10 deep elf archers
  8 orc knights
  3 phantasmal warriors
  2 steelbarb worms (shapeshifter)
  2 large abominations (Lair:5)
  8 steelbarb worms
  4 necromancers
  20 ironbound convokers
  3 spriggan simulacra (Depths:3)
  30 wolf spiders
  4 orc sorcerers (Orc:2)
  32 deep elf pyromancers
  33 deep elf zephyrmancers
  An oklob plant (Swamp:3)
  19 ugly things
  5 shining eyes
  An iron dragon zombie (Depths:2)
  3 salamanders
  5 cyclopes
  3 meliai
  A moth of wrath (Spider:4)
  3 manticores
  4 will-o-the-wisps
  A fire giant skeleton (Depths:1)
  2 human skeletons (Vaults:2)
  4 black mambas
  An orange demon (Orc:2)
  A kobold blastminer (Orc:2)
  14 elephants
  18 vault sentinels
  2 torpor snails (shapeshifter)
  2 eyes of devastation
  4 smoke demons (Lair:5)
  2 rime drakes
  A gargoyle (D:13)
  14 cane toads
  Jeremiah (D:6)
  5 torpor snails
  2 unseen horror zombies (D:10)
  2 kobold demonologists
  A yaktaur zombie (Vaults:2)
  A yaktaur (shapeshifter) (D:15)
  32 yaktaurs
  9 tengu conjurers
  9 komodo dragons
  An efreet (D:13)
  A freezing wraith (Vaults:2)
  6 trolls
  2 queen bees (shapeshifter)
  A red devil (Orc:2)
  4 bloated husks
  21 hornets
  9 tyrant leeches
  28 tarantellas
  A raiju (Lair:5)
  24 blink frogs
  2 glass eyes
  A human simulacrum (Vaults:2)
  7 dream sheep
  23 culicivoras
  42 jumping spiders
  2 shadows
  A centaur simulacrum (D:14)
  53 yaks
  4 air elementals
  3 wyverns
  2 wraiths
  A ynoxinul (Lair:5)
  17 spriggans
  7 small abominations (Lair:5)
  A wyvern (shapeshifter) (D:13)
  6 water elementals
  2 vampires
  122 slime creatures
  2 fire elementals
  7 golden eyes
  58 redbacks
  9 basilisks
  5 humans
  A warg (Orc:2)
  A yaktaur simulacrum (Vaults:2)
  A chaos spawn (Lair:5)
  Edmund (D:6)
  18 vampire mosquitoes
  12 swamp worms
  An acid dragon (D:10)
  21 water moccasins
  A glowing shapeshifter skeleton (Depths:1)
  A great orb of eyes simulacrum (IceCv)
  Duvessa (D:4)
  6 black bears
  An ice beast (D:8)
  27 orc warriors
  5 swamp drakes (Swamp:4)
  A sky beast (D:8)
  A crocodile (shapeshifter) (Lair:5)
  14 ogres
  4 boggarts (Vaults:1)
  18 centaurs
  5 wolves (Lair:2)
  A phantom (D:5)
  7 slime creature simulacra (IceCv)
  2 kobold brigands (D:8)
  Blork the orc (D:5)
  13 bullfrogs
  3 glowing shapeshifter simulacra
  A gnoll sergeant (D:13)
  9 scorpions
  14 wights
  Dowan (D:4)
  7 killer bees
  An oklob sapling (Swamp:3)
  An electric eel (Lair:1)
  6 howler monkeys
  3 bombardier beetles
  4 lava snakes (Lair:1)
  4 hounds
  A hound (shapeshifter) (Lair:5)
  Crazy Yiuf (D:2)
  A sleepcap (D:6)
  A gnoll bouda (D:9)
  3 jellies
  28 orc priests
  Jessica (D:2)
  4 iguanas
  20 orc wizards
  5 hell rats (Lair:1)
  Robin (D:1)
  6 gnolls
  6 adders
  4 dart slugs
  4 ribbon worms
  80 orcs
  11 ball pythons
  7 endoplasms
  7 giant cockroaches
  10 goblins
  13 hobgoblins
  16 kobolds
  3 quokkas
  8 bats
  4 frilled lizards
  5 rats
  A spectral hobgoblin (D:12)
1969 creatures vanquished.

Vanquished Creatures (others)
  An alligator (Swamp:3)
  A juggernaut simulacrum (Depths:3)
  Maggie (D:6)
  2 bloated husks
  A swamp worm (Swamp:4)
  An earth elemental (Elf:2)
  6 foxfires
13 creatures vanquished.

Grand Total: 1982 creatures vanquished

Notes
Turn   | Place    | Note
-------+----------+-------------------------------------------
     0 | D:1      | RepHenryClay the Deep Elf Earth Elementalist began the
                  | quest for the Orb.
     0 | D:1      | Reached XP level 1. HP: 10/10 MP: 6/6
   204 | D:1      | Reached XP level 2. HP: 15/15 MP: 6/8
   207 | D:1      | Reached skill level 4 in Earth Magic
   395 | D:1      | Found Jeziax's Antique Weapon Boutique.
   644 | D:1      | Reached XP level 3. HP: 19/19 MP: 7/9
   750 | D:2      | Noticed Robin
   758 | D:1      | Killed Robin
   759 | D:1      | Reached skill level 5 in Earth Magic
   814 | D:2      | Found Roudiufe's Jewellery Emporium.
   873 | D:2      | Found Fyocsopni's Armour Shoppe.
  1022 | D:2      | Learned a level 3 spell: Stone Arrow
  1030 | D:2      | Reached XP level 4. HP: 24/24 MP: 8/10
  1134 | D:2      | Found Ompizun's Magic Scroll Shoppe.
  1150 | D:2      | Bought a scroll of identify for 28 gold pieces
  1429 | D:2      | Found Umeufyokh's General Store.
  1503 | D:2      | Bought a scroll of fear for 40 gold pieces
  1503 | D:2      | Bought a potion of curing for 30 gold pieces
  1503 | D:2      | Found Wukaqe's Jewellery Shoppe.
  1665 | D:2      | Found a runed translucent door.
  1666 | D:2      | Noticed Crazy Yiuf
  1754 | D:2      | Noticed Jessica
  1761 | D:2      | Killed Jessica
  1762 | D:2      | Reached skill level 6 in Earth Magic
  2118 | D:3      | Reached XP level 5. HP: 28/28 MP: 6/11
  3133 | D:4      | Noticed Duvessa
  3180 | D:5      | Entered Level 5 of the Dungeon
  3180 | D:5      | Noticed a centaur
  3183 | D:5      | Killed a centaur
  3184 | D:5      | Reached XP level 6. HP: 23/32 MP: 7/12
  3244 | D:5      | Reached skill level 5 in Conjurations
  3295 | D:5      | Found a staircase to the Ecumenical Temple.
  3320 | Temple   | Found a transporter.
  3320 | Temple   | Found a transporter.
  3320 | Temple   | Found a transporter.
  3320 | Temple   | Found a transporter.
  3320 | Temple   | Entered the Ecumenical Temple
  3325 | D:5      | Noticed Blork the orc
  3330 | D:5      | Killed Blork the orc
  3389 | D:5      | Reached XP level 7. HP: 19/36 MP: 6/13
  3532 | D:5      | Identified the +2 quarterstaff "Reshrad" {holy, +Blink rF-
                  | rN+}
  3756 | D:4      | Reached skill level 5 in Dodging
  4099 | D:5      | Reached XP level 8. HP: 41/41 MP: 8/14
  4233 | D:5      | Found a snail-covered altar of Cheibriados.
  5055 | D:6      | Noticed Edmund
  5061 | D:6      | Killed Edmund
  5259 | D:6      | Noticed Jeremiah
  5390 | D:6      | Noticed Maggie
  5577 | D:6      | Reached XP level 9. HP: 45/45 MP: 13/15
  5579 | D:6      | Killed Maggie
  6419 | D:7      | Reached skill level 10 in Conjurations
  6624 | D:7      | Learned a level 2 spell: Blink
  6819 | D:7      | Reached skill level 10 in Dodging
  7131 | D:8      | Found a stormy altar of Qazlal.
  7819 | D:8      | Found a radiant altar of Vehumet.
  7823 | D:8      | Noticed a two-headed ogre
  7827 | D:8      | Became a worshipper of Vehumet
  8041 | D:8      | Killed a two-headed ogre
  8042 | D:8      | Reached skill level 5 in Stealth
  8042 | D:8      | Reached XP level 10. HP: 50/50 MP: 3/16
  8209 | D:8      | Found a burning altar of Makhleb.
  8463 | D:8      | Found a sparkling altar of Nemelex Xobeh.
  8696 | D:8      | Reached * piety under Vehumet
  8696 | D:8      | Offered knowledge of Sting by Vehumet.
  9198 | D:8      | Found a radiant altar of Vehumet.
  9257 | D:8      | Found a stormy altar of Qazlal.
  9372 | D:8      | Found a burning altar of Makhleb.
  9415 | D:8      | Found a sparkling altar of Nemelex Xobeh.
  9773 | D:9      | Noticed a two-headed ogre
  9857 | D:9      | Killed a two-headed ogre
 10110 | D:9      | Identified a scroll of acquirement
 10118 | D:8      | Acquired 977 gold pieces
 10236 | D:2      | Bought the amulet of Vitality {RegenMP++ Regen++} for 1300
                  | gold pieces
 10236 | D:2      | Found the amulet of Vitality {RegenMP++ Regen++}
 10527 | D:9      | Found a staircase to the Orcish Mines.
 10650 | D:9      | Reached skill level 5 in Spellcasting
 10840 | D:9      | Offered knowledge of Scorch by Vehumet.
 10852 | D:9      | Reached ** piety under Vehumet
 10989 | D:10     | Entered Level 10 of the Dungeon
 11060 | Orc:1    | Entered Level 1 of the Orcish Mines
 11421 | Orc:1    | Reached XP level 11. HP: 54/54 MP: 17/23
 11801 | D:2      | Bought the ring of Niekhoin {rPois rN+ Str+3 Int+2} for 417
                  | gold pieces
 12035 | D:10     | Found a glowing golden altar of the Shining One.
 12368 | D:2      | Bought a scroll of identify for 28 gold pieces
 12368 | D:2      | Bought a scroll of identify for 28 gold pieces
 12368 | D:2      | Bought a scroll of identify for 28 gold pieces
 12433 | D:2      | Killed Crazy Yiuf
 12663 | D:10     | Found a staircase to the Lair.
 12789 | D:10     | Learned a level 5 spell: Lee's Rapid Deconstruction
 12793 | D:10     | Found Eqewetid's Book Shop.
 12832 | D:10     | Offered knowledge of Mercury Vapours by Vehumet.
 12907 | D:10     | Reached skill level 7 in Earth Magic
 12908 | D:10     | Found a basalt altar of Yredelemnul.
 13103 | D:11     | Reached *** piety under Vehumet
 13181 | D:11     | Reached skill level 8 in Earth Magic
 13463 | D:11     | Noticed a two-headed ogre
 13474 | D:11     | Killed a two-headed ogre
 13475 | D:11     | Reached skill level 9 in Earth Magic
 13701 | D:12     | Reached skill level 1 in Translocations
 13853 | D:12     | Noticed a white ugly thing
 13862 | D:12     | Offered knowledge of Olgreb's Toxic Radiance by Vehumet.
 13867 | D:12     | Killed a white ugly thing
 13920 | D:12     | Found a hazy altar of Hepliaklqana.
 14061 | D:12     | Reached skill level 10 in Earth Magic
 14275 | Lair:1   | Entered Level 1 of the Lair of Beasts
 14285 | D:10     | Reached skill level 5 in Translocations
 14457 | D:4      | Noticed Dowan
 14463 | D:4      | Killed Dowan
 14502 | D:4      | Noticed Pikel
 14508 | D:4      | Killed Pikel
 14509 | D:4      | Reached XP level 12. HP: 50/59 MP: 15/26
 14774 | D:4      | Killed Duvessa
 15213 | Lair:1   | Reached **** piety under Vehumet
 15261 | Lair:1   | Offered knowledge of Fireball by Vehumet.
 15273 | Lair:1   | Learned a level 5 spell: Fireball
 16216 | Lair:2   | Reached skill level 10 in Spellcasting
 16298 | Lair:2   | Noticed a catoblepas
 16310 | Lair:2   | Killed a catoblepas
 16612 | Lair:2   | Found a hole to the Spider Nest.
 16637 | Lair:2   | Reached skill level 15 in Dodging
 16675 | Lair:2   | Noticed a seven-headed hydra
 16681 | Lair:2   | Killed a seven-headed hydra
 16682 | Lair:2   | Reached XP level 13. HP: 63/63 MP: 22/29
 16759 | Lair:2   | Reached ***** piety under Vehumet
 16897 | Lair:2   | Offered knowledge of Plasma Beam by Vehumet.
 17404 | Lair:3   | Noticed Urug
 17413 | Lair:3   | Killed Urug
 17471 | Lair:3   | Reached skill level 15 in Conjurations
 17668 | Lair:3   | Found a staircase to the Swamp.
 18394 | Lair:4   | Learned a level 6 spell: Plasma Beam
 18641 | D:2      | Bought a scroll of fog for 56 gold pieces
 18641 | D:2      | Bought a scroll of amnesia for 56 gold pieces
 19637 | Lair:4   | Identified the +3 battleaxe of the Chewing Rat {drain, rN+
                  | Int+6}
 19652 | Lair:4   | Identified the +7 morningstar "Faor Qyu" {freeze, rC+}
 19653 | Lair:4   | Identified the ring of Ellakuck {rPois Str+6 Stlth+}
 19777 | Lair:5   | Entered Level 5 of the Lair of Beasts
 19930 | Lair:5   | Reached XP level 14. HP: 68/68 MP: 17/30
 20013 | Lair:5   | Found a staircase to the Slime Pits.
 20055 | Lair:5   | Offered knowledge of Airstrike by Vehumet.
 20746 | Lair:5   | Reached skill level 1 in Fire Magic
 20838 | Lair:5   | Identified the amulet "Voymaut" {RegenMP MP+9 Dex+4 Stlth-}
 20864 | Lair:5   | Found a one-way gate to the infinite horrors of the Abyss.
 20936 | Lair:5   | Reached skill level 5 in Fire Magic
 20944 | Lair:5   | Offered knowledge of Orb of Destruction by Vehumet.
 20945 | Lair:5   | Reached skill level 1 in Fighting
 20975 | Lair:5   | Learned a level 7 spell: Orb of Destruction
 21001 | Lair:5   | Found a corrupted altar of Lugonu.
 21068 | Lair:5   | Got Reothuo's Dissertation on the Sixfirhy and
                  | Incandescence
 21453 | Orc:2    | Entered Level 2 of the Orcish Mines
 21453 | Orc:2    | Found a staircase to the Elven Halls.
 22100 | Orc:2    | Found Woas's General Store.
 22154 | Orc:2    | Found Anodol's Magic Scroll Shop.
 22199 | Orc:2    | Bought a scroll of identify for 24 gold pieces
 22199 | Orc:2    | Bought a scroll of teleportation for 36 gold pieces
 22199 | Orc:2    | Bought a scroll of identify for 24 gold pieces
 22199 | Orc:2    | Bought a scroll of identify for 24 gold pieces
 22199 | Orc:2    | Bought a scroll of teleportation for 36 gold pieces
 22204 | Orc:2    | Bought a potion of resistance for 120 gold pieces
 22335 | Orc:2    | Offered knowledge of Yara's Violent Unravelling by Vehumet.
 22519 | Orc:2    | Reached XP level 15. HP: 78/78 MP: 12/31
 22651 | Orc:2    | Found Itofyg's Book Shoppe.
 22651 | Orc:2    | Found Beubaat's Antique Armour Emporium.
 22652 | Orc:2    | Found a one-way gate leading to the halls of Pandemonium.
 22656 | Orc:2    | Bought a runed cloak for 210 gold pieces
 22656 | Orc:2    | Bought a pair of runed gloves for 210 gold pieces
 22834 | D:13     | Noticed Jorgrun
 22908 | D:13     | Killed Jorgrun
 23039 | D:13     | Noticed poulshu's ghost (journeyman MiBe)
 23046 | D:13     | Noticed drcatpants2's ghost (journeyman DrSh)
 23054 | D:13     | Found a transporter.
 23333 | D:13     | Reached skill level 1 in Shields
 23399 | D:13     | Found a transporter.
 23577 | D:14     | Noticed Lodul
 23596 | D:14     | Killed Lodul
 23786 | D:14     | Noticed Agnes
 23790 | D:14     | Killed Agnes
 23852 | D:14     | Noticed Nessos
 23855 | D:14     | Killed Nessos
 24004 | D:14     | Found a glowing golden altar of the Shining One.
 24108 | D:14     | Found a gate to the Vaults.
 24202 | D:14     | Reached skill level 5 in Shields
 24272 | D:15     | Entered Level 15 of the Dungeon
 24641 | D:15     | Found a staircase to the Depths.
 25367 | D:6      | Killed Jeremiah
 25796 | Spider:1 | Entered Level 1 of the Spider Nest
 25967 | Spider:1 | Found a glacial archway.
 25981 | IceCv    | Entered an ice cave
 26059 | IceCv    | Offered knowledge of Conjure Ball Lightning by Vehumet.
 26103 | IceCv    | Reached skill level 11 in Earth Magic
 26352 | IceCv    | Reached XP level 16. HP: 84/84 MP: 25/34
 26494 | IceCv    | Reached skill level 12 in Earth Magic
 26503 | IceCv    | Found a viscous altar of Jiyva.
 26724 | IceCv    | Got the ring "Nelu" {Ice rN++ Int-3}
 26727 | IceCv    | Got the ring of Incredulity {Ice Str-2 Int+7 Dex-3}
 26827 | Spider:1 | Reached skill level 13 in Earth Magic
 27110 | D:10     | Bought a book of Armaments for 468 gold pieces
 27468 | Spider:1 | Reached skill level 14 in Earth Magic
 27529 | Spider:1 | Learned a level 8 spell: Lehudib's Crystal Spear
 27622 | Spider:1 | Identified the +11 dagger "Ituamupp" {heavy, rF+ Str+6
                  | Int-3 Stlth+}
 28008 | Spider:2 | Reached ****** piety under Vehumet
 28014 | Spider:1 | Offered knowledge of Iskenderun's Battlesphere by Vehumet.
 28065 | Spider:2 | Reached skill level 15 in Earth Magic
 28710 | Spider:2 | Reached skill level 16 in Earth Magic
 28768 | Spider:2 | Noticed Louise
 28797 | Spider:2 | Killed Louise
 29954 | Swamp:1  | Entered Level 1 of the Swamp
 29977 | Swamp:1  | Reached skill level 17 in Earth Magic
 29986 | Swamp:1  | Reached XP level 17. HP: 88/88 MP: 5/35
 30062 | Swamp:1  | Offered knowledge of Bombard by Vehumet.
 30881 | Swamp:2  | Learned a level 6 spell: Bombard
 31113 | Swamp:2  | Reached skill level 18 in Earth Magic
 31544 | Swamp:3  | Noticed Agye's ghost (adept MiBe)
 31569 | Swamp:3  | Noticed a tentacled monstrosity
 31672 | Swamp:3  | Found a runed translucent gate.
 31672 | Swamp:3  | Found a runed translucent gate.
 31672 | Swamp:3  | Noticed a tentacled monstrosity
 31682 | Swamp:3  | Killed a tentacled monstrosity
 31729 | Swamp:3  | Found a runed translucent gate.
 31827 | Swamp:3  | Offered knowledge of Fire Storm by Vehumet.
 31827 | Swamp:3  | Offered knowledge of Shatter by Vehumet.
 31827 | Swamp:3  | Offered knowledge of Chain Lightning by Vehumet.
 32338 | Swamp:4  | Entered Level 4 of the Swamp
 32354 | Swamp:4  | Reached skill level 15 in Spellcasting
 32538 | Swamp:4  | Noticed Nikola
 32545 | Swamp:4  | Killed Nikola
 32546 | Swamp:4  | Reached skill level 19 in Earth Magic
 33033 | Swamp:4  | Reached XP level 18. HP: 94/94 MP: 31/40
 33341 | Swamp:4  | Got a decaying rune of Zot
 33689 | Elf:1    | Entered Level 1 of the Elven Halls
 33708 | Orc:2    | Learned a level 9 spell: Shatter
 33789 | Elf:1    | Reached skill level 20 in Earth Magic
 33845 | Elf:1    | Found Kuockasu's Antique Armour Boutique.
 33851 | Elf:1    | Found Mocin's Magic Scroll Shop.
 33851 | Elf:1    | Found Lozue's Distillery.
 33866 | Elf:1    | Bought a potion of heal wounds for 100 gold pieces
 33951 | Elf:1    | Found Litonn's Antique Weapon Shop.
 34064 | Elf:1    | Found Wuph's Magic Scroll Boutique.
 34099 | Elf:1    | Bought a runed cloak for 270 gold pieces
 34327 | Elf:1    | Got the Opusculum on Blasts
 34411 | Elf:1    | Found Alufyd's Distillery.
 34432 | Elf:1    | Found Lamadwuy's Antique Weapon Emporium.
 34501 | Elf:2    | Noticed Donald
 34562 | Elf:2    | Found Aconk's Weapon Emporium.
 34564 | Elf:2    | Reached skill level 21 in Earth Magic
 34843 | Elf:2    | Killed Donald
 34946 | Elf:2    | Found a runed translucent gate.
 34946 | Elf:2    | Found a runed translucent gate.
 34946 | Elf:2    | Found a runed translucent gate.
 35021 | Elf:2    | Reached skill level 22 in Earth Magic
 35293 | Elf:3    | Entered Level 3 of the Elven Halls
 35316 | Elf:3    | Paralysed by an air elemental for 1 turns
 35320 | Elf:2    | Paralysed by an air elemental for 1 turns
 35610 | Elf:3    | Found Cebbept's Book Boutique.
 35985 | Elf:3    | Reached XP level 19. HP: 98/98 MP: 41/41
 35988 | Elf:3    | Reached skill level 23 in Earth Magic
 35990 | Elf:3    | Identified the ring of Ethics {rElec rPois Will+ SInv}
 35992 | Elf:3    | Identified the +7 morningstar "Hamidd" {freeze, rPois}
 36070 | Elf:3    | Identified the ring "Zaaqu" {Ice Str+4}
 36132 | Elf:3    | Identified the ring of Jorch {rF+ rN+ Int+6}
 36196 | Elf:3    | Got the Discourse on Tinctures
 36210 | Elf:3    | Identified the +4 orcbow of Kuof {heavy, *Slow rCorr Int+3}
 36213 | Elf:3    | Identified the ring of Incredulity {rPois Str+3}
 36263 | Elf:3    | Paralysed by an air elemental for 1 turns
 36679 | D:13     | Killed drcatpants2's ghost
 36700 | D:13     | Killed poulshu's ghost
 36701 | D:13     | Reached skill level 24 in Earth Magic
 36750 | D:13     | Got the Almanac of the Grave and Companions
 37069 | Swamp:3  | Killed Agye's ghost
 37714 | Spider:4 | Entered Level 4 of the Spider Nest
 37831 | Spider:4 | Reached skill level 25 in Earth Magic
 38488 | Spider:4 | Got a gossamer rune of Zot
 38573 | Spider:4 | Reached XP level 20. HP: 103/103 MP: 28/42
 38854 | Vaults:1 | Entered Level 1 of the Vaults
 39167 | Vaults:1 | Identified the +1 robe "Kuaxe" {Fly rCorr Archmagi}
 39292 | Vaults:1 | Reached skill level 26 in Earth Magic
 39531 | Vaults:1 | Acquired 704 gold pieces
 40272 | Vaults:2 | Found a staircase to the Crypt.
 40577 | Vaults:2 | Identified the orb "Eciqed" {*channel, ^Drain rF+++ Regen+
                  | Earth}
 40577 | Vaults:2 | Noticed Frederick
 40582 | Vaults:2 | Killed Frederick
 40583 | Vaults:2 | Identified the +2 robe of Impressiveness {Regen+}
 40940 | Vaults:2 | Noticed Asterion
 40942 | Vaults:2 | Killed Asterion
 41102 | Vaults:2 | Identified the granite talisman of Vuddos {*Corrode Str+3
                  | Int+2}
 41117 | Vaults:2 | Noticed Norris
 41119 | Vaults:2 | Killed Norris
 41467 | Vaults:3 | Reached skill level 27 in Earth Magic
 41470 | Vaults:3 | Reached XP level 21. HP: 94/108 MP: 27/43
 41815 | Vaults:3 | Reached skill level 5 in Fighting
 42732 | Vaults:4 | Found Uqas Zuz's Assorted Antiques.
 43828 | Depths:1 | Entered Level 1 of the Depths
 43933 | Depths:1 | Identified the +5 chain mail of Foolhardiness {^Drain +Inv
                  | Str+2 Dex+5}
 43986 | Depths:1 | Found a broken altar of Ashenzari.
 44149 | Depths:1 | Found a runed translucent door.
 44172 | Depths:1 | Found a runed translucent door.
 44175 | Depths:1 | Noticed an ancient lich
 44187 | Depths:1 | Noticed Xoedokom's ghost (adept TrMo)
 44229 | Depths:1 | Noticed Bai Suzhen
 44232 | Depths:1 | Killed Bai Suzhen
 44317 | Depths:1 | Found a gateway to Hell.
 44903 | Depths:2 | Reached XP level 22. HP: 120/120 MP: 30/46
 44978 | Depths:2 | Noticed a caustic shrike
 45037 | Depths:2 | Found a bloodstained altar of Trog.
 45067 | Depths:2 | Killed a caustic shrike
 45224 | Depths:2 | Identified the maw talisman of the Hanged Man {rF+++ rC-
                  | Will- rCorr}
 45303 | Depths:2 | Identified the ring "Fetomue" {rF+ rC+ rN+ MP+9 Str-4}
 45308 | Depths:2 | Identified the amulet "Qihil" {Reflect rPois Regen+ Dex+2
                  | Slay-3 SH+5}
 45339 | Depths:2 | Identified the ring "Ipawkoh" {Fly rF+ rN+ Dex+3}
 45365 | Depths:2 | Noticed a golden dragon
 45372 | Depths:2 | Killed a golden dragon
 45381 | Depths:2 | Noticed a juggernaut
 45383 | Depths:2 | Killed a juggernaut
 45527 | Depths:2 | Found Vuigahe's Weapon Boutique.
 45928 | Depths:3 | Identified the ring "Huzxeuxt" {Ice rElec rN+ SInv Stlth+}
 45928 | Depths:3 | Noticed Josephina
 45930 | Depths:3 | Killed Josephina
 46039 | Depths:3 | Noticed Sojobo
 46043 | Depths:3 | Killed Sojobo
 46146 | Depths:3 | Noticed a golden dragon
 46153 | Depths:3 | Killed a golden dragon
 46217 | Depths:3 | Found a one-way gateway to a ziggurat.
 46797 | Depths:3 | Identified the +5 great mace "Cidwoen" {drain, ^Fragile
                  | Int+3 Dex+7}
 46807 | Depths:3 | Noticed Boris
 46810 | Depths:3 | Killed Boris
 46878 | Depths:3 | Found a radiant altar of Vehumet.
 46939 | Depths:3 | Identified the +10 orcbow "X" {drain, rF- Int+3}
 47331 | Depths:4 | Entered Level 4 of the Depths
 47339 | Depths:4 | Reached XP level 23. HP: 124/124 MP: 43/49
 47384 | Depths:4 | Noticed a caustic shrike
 47387 | Depths:4 | Killed a caustic shrike
 47407 | Depths:4 | Noticed a caustic shrike
 47411 | Depths:4 | Killed a caustic shrike
 47697 | Depths:4 | Noticed a caustic shrike
 47698 | Depths:4 | Identified the ring of Pessimism {rElec MP-9 EV+5 Int+6}
 47701 | Depths:4 | Killed a caustic shrike
 47820 | Depths:4 | Identified the +5 short sword of the Onslaught {freeze,
                  | Str+3}
 47886 | Depths:4 | Found a gate to the Realm of Zot.
 47967 | Depths:4 | Acquired 858 gold pieces
 48018 | Depths:4 | Noticed Boris
 48021 | Depths:4 | Killed Boris
 48103 | Depths:4 | Identified the +0 dagger "Paiw" {distort, Str+3}
 48668 | Slime:1  | Entered Level 1 of the Pits of Slime
 48670 | Slime:1  | Gained mutation: Your spells are a little easier to cast,
                  | but a little less powerful. [a shining eye]
 48684 | Slime:1  | Gained mutation: You are frail. (-10% HP) [a shining eye]
 48694 | Slime:2  | Found a shimmering altar of Xom.
 48704 | Slime:2  | Gained mutation: You occasionally shout uncontrollably at
                  | your foes. [a shining eye]
 48742 | Slime:2  | Noticed Dissolution
 48747 | Slime:2  | Killed Dissolution
 48947 | Slime:4  | Reached XP level 24. HP: 108/117 MP: 39/50
 49359 | Slime:5  | Entered Level 5 of the Pits of Slime
 49367 | Slime:5  | Reached skill level 1 in Staves
 49367 | Slime:5  | Reached skill level 1 in Evocations
 49405 | Slime:5  | Paralysed by a formless jellyfish for 1 turns
 49407 | Slime:5  | Slain by an azure jelly

Illustrated notes

Levels and vault maps discovered:
D:1:      lightli_arrival_flooded_house, layout_basic, serial_shops, shop,
          minmay_fountain_box
D:2:      layout_loops_ring, serial_shops, nicolae_diamond_shop, shop,
          nicolae_shop_tiny_real_fake_doors, shop_coins, shop,
          uniq_crazy_yiuf_cottage, uniq_jessica, uniq_robin
D:3:      layout_rooms
D:4:      layout_rooms, chequers_serial_rivers_large_a, uniq_duvessa, uniq_pikel
D:5:      layout_cave_pools, chei_slow_surprise, minmay_temple_entry_tees,
          serial_bayou, serial_bayou_pond_c, serial_bayou_shore_b,
          serial_bayou_pond_b, serial_bayou_pond_d, uniq_blork_the_orc
D:6:      layout_basic, lemuel_flamethrower_2, uniq_jeremiah, uniq_maggie,
          uniq_edmund
D:7:      layout_cave_pools
D:8:      layout_basic, bloody_makhleb, vehumet_altar_wand_db,
          mainiacjoe_overflow_concentric_impassable, nemelex_spade_bored_becter,
          grunt_ministairs_10, kennysheep_dice
D:9:      layout_roguey, hiddenorc1_lemuel, minmay_misc_feat_pillars,
          kennysheep_generic_room_6
D:10:     layout_rooms, mainiacjoe_overflow_surrounded_room,
          lemuel_zombie_altar_yredelemnul, minmay_lair_entry_grove,
          serial_shops, shop, minmay_ruffians
D:11:     layout_roguey
D:12:     layout_rooms, chequers_jeans, nicolae_hepliaklqana_monster_ancestors
D:13:     layout_basic, nzn_ghost_randoct, minmay_librarian, uniq_jorgrun
D:14:     layout_irregular_city, hellmonk_vaults_attempted_burglary,
          tso_metal_star, uniq_lodul, uniq_agnes, uniq_nessos
D:15:     hangedman_depths_entry_try_elsewhere_first, layout_irregular_city,
          skrybe_limestone_x
Temple:   hellmonk_temple_divided_pantheon
Lair:1:   layout_cave_pods, disabler_island, serial_bayou_shore_a
Lair:2:   layout_layer_cave, nicolae_spider_entry_non_spiders,
          grunt_megastairs_5, infiniplex_staircase_pool_2
Lair:3:   layout_cave_pods, swamp_mist, grunt_megastairs_3, uniq_urug
Lair:4:   layout_cave_pods, minmay_lindwurm_lava
Lair:5:   hellmonk_lair_end_abyssal_woods, layout_gridlike, slime_entry_1
Swamp:1:  tekkud_swamp_unearthing_site, layout_falls_marsh,
          evilmike_swamp_ruin_house_3, nicolae_swamp_bean_lake
Swamp:2:  layout_basic_swamp, evilmike_swamp_ruin_wall
Swamp:3:  nicolae_swamp_phyte_club, layout_falls_marsh, gammafunk_ghost_split,
          nicolae_swamp_dense_foliage, swamp_pool_1_2, water_boxes_lemuel
Swamp:4:  swamp_basic_johnstein, layout_basic_swamp, uniq_nikola
Spider:1: layout_spider_delve, portal_ice_cave_entry_pillars_2,
          nicolae_spider_world_wide_web
Spider:2: layout_chambers, drop_trap, nicolae_spider_nooks_and_crannies,
          uniq_louise
Spider:3: layout_spider_delve
Spider:4: grunt_spider_rune_circles
Slime:1:  layout_caves
Slime:2:  layout_caves, basic_altar, uniq_dissolution
Slime:3:  layout_caves
Slime:4:  layout_caves
Slime:5:  slime_pit
Orc:1:    layout_diamond_mine
Orc:2:    pf_orc_diabolical, layout_caves, basic_altar
Elf:1:    minmay_elf_arrival_summoners, layout_geoelf_octagon, serial_shops,
          shop, nicolae_shop_hallway_stairs, shop,
          nicolae_shop_overgrown_old_shop, nicolae_shop_hallway_stairs,
          minmay_elf_sorcery, minmay_shoptagon
Elf:2:    elven_hall_of_blades_hangedman_original [mumra_blade_entry_dagger],
          layout_geoelf_octagon, serial_shops, nicolae_shop_tiny_waterfront,
          uniq_donald
Elf:3:    elf_hall, layout_geoelf_diagonals, serial_shops, shop
Vaults:1: nicolae_vaults_little_squares_6, v_misc_31, nicolae_vaults_what_the_h,
          v_misc_1, v_misc_14, nicolae_vaults_door_testing_chamber, v_rooms_2,
          nicolae_vaults_tetromino_L_2, vaults_mumra_chevron,
          nicolae_vaults_alarming, nicolae_vaults_little_squares_5,
          vaults_room_pool, layout_vaults_maze_snakey
Vaults:2: vaults_dpeg_emergency_exit, nicolae_vaults_more_shelving_1,
          v_pattern_1, minmay_crypt_entry_simple_statues, v_misc_17,
          ontoclasm_vaults_tryst, nicolae_vaults_network_star, v_rooms_3,
          nicolae_vaults_closet_pinwheel_1, v_misc_27,
          nicolae_vaults_offset_grid_hallway_4, vaults_dpeg_diagonal,
          ontoclasm_vaults_fault, vaults_mumra_chevron_long, v_alt_pattern_4,
          vaults_dpeg_ring, nicolae_vaults_house_2, nicolae_vaults_diamond_1,
          layout_vaults_omnibox, uniq_frederick, uniq_norris, uniq_asterion
Vaults:3: nicolae_vaults_big_ls, v_rooms_6, nicolae_vaults_arrows,
          hangedman_vaults_unwind, nicolae_vaults_rhombus_7,
          nicolae_vaults_surprise_closet, layout_vaults_chaotic_city
Vaults:4: hangedman_vaults_slice, nicolae_vaults_heart-shaped_vault,
          ontoclasm_vaults_gateway, nicolae_vaults_double_plus_3,
          nicolae_vaults_yaktaur_gun_rack, v_misc_29,
          nicolae_vaults_tetromino_L_1, layout_vaults_quadrants, serial_shops,
          shop
Depths:1: layout_gridlike, hell_entry, muffindrake_ghost_dual_entry,
          hangedman_abyss_or_decor_passed, serial_bayou_pond_d,
          ashenzari_conservatory_becter, uniq_bai_suzhen
Depths:2: lemuel_castle_with_subvaults [lemuel_castle_interior_original],
          layout_cave_pools, serial_shops, shop, grunt_pan_entry_spiral,
          pf_hell_entry_great_geh, bloody_trog
Depths:3: evilmike_halls_of_destruction, layout_honeycomb, enter_ziggurat_e,
          hangedman_decor_clover_reticule,
          nicolae_abyss_entry_one_way_or_another, rand_demon_pan_entry_4,
          hell_entry, infiniplex_staircase_pool_1, grunt_megastairs_4,
          uniq_sojobo, uniq_josephina
Depths:4: hangedman_pleasuredromes, abyss_entry, hell_entry

Skill      XL: |  1  2  3  4  5  6  7  8  9 10 11 12 13 14 15 16 17 18 19 20 21 22 23 24 |
---------------+-------------------------------------------------------------------------+-----
Earth Magic    | 4 5 6 10 11 17 19 22 25 27 | 27.0
Conjurations   | 2 4 5 7 9 10 12 14 16 17 18 19 20 21 22 | 22.0
Dodging        | 3 6 8 10 12 15 17 18 19 21 23 24 26 | 26.9
Stealth        | 5 |  5.0
Spellcasting   | 6 8 10 12 16 18 20 21 | 21.9
Translocations | 5 |  5.0
Fire Magic     | 5 |  5.0
Fighting       | 3 4 7 |  7.0
Shields        | 5 |  5.0
Staves         | 1 |  1.7
Evocations     | 1 |  1.9

Action                     |  1- 3 |  4- 6 |  7- 9 | 10-12 | 13-15 | 16-18 | 19-21 | 22-24 || total
---------------------------+-------+-------+-------+-------+-------+-------+-------+-------++-------
  Melee: Unarmed           |    16 |       |       |       |       |       |       |       ||    16
         Short sword       |       |       |     1 |     9 |    49 |   122 |       |       ||   181
         Staff             |       |       |       |       |       |       |     9 |    13 ||    22
   Cast: Sandblast         |    51 |    80 |   112 |   122 |    80 |       |       |       ||   445
         Stone Arrow       |       |     6 |    65 |   303 |   438 |   444 |    66 |    20 ||  1342
         Lee's Rapid Decon |       |       |       |    31 |    85 |    36 |       |       ||   152
         Blink             |       |       |       |     8 |     5 |    14 |     4 |       ||    31
         Fireball          |       |       |       |       |    97 |   111 |     4 |     3 ||   215
         Orb of Destructio |       |       |       |       |    60 |   120 |    66 |    67 ||   313
         Lehudib's Crystal |       |       |       |       |       |    61 |    11 |     3 ||    75
         Bombard           |       |       |       |       |       |    51 |     4 |     3 ||    58
         Shatter           |       |       |       |       |       |    11 |   327 |   257 ||   595
  Evoke: Wand              |       |       |     3 |     2 |     1 |       |       |       ||     6
    Use: Scroll            |       |     3 |     2 |    11 |     9 |    14 |     3 |     2 ||    44
         Potion            |       |       |     1 |     1 |     1 |     1 |       |       ||     4
   Stab: Sleeping          |       |       |       |       |     1 |     1 |       |       ||     2
 Armour: Robe              |    26 |    27 |    56 |    99 |   157 |   228 |    60 |    85 ||   738
  Dodge: Dodged            |    29 |    32 |    69 |   232 |   385 |   600 |    80 |   107 ||  1534
  Block: Buckler           |       |       |       |       |    44 |   181 |    20 |       ||   245
         Reflection        |       |       |       |       |    12 |    12 |     6 |       ||    30
